AoeStats
← HR nomadplayer

Lombardia

508998918Analyzed
4v4 RM · 6d ago on Sep 25, 2026· 68m 41s· 8 players
Game mode
Random Map
Map size
Large (8 player)
Population
200
Speed
Normal
Resources
Standard
Victory
Conquest
Starting age
Dark Age
Ending age
Imperial Age
RankedLock teamsTeams togetherTeam positionsShared explorationLock speedFull tech treeHidden civsTurbo modeCheats
Victory
Defeat
🇺🇸 Aztecs · United States
1801
+18
🇺🇸 Maya · United States
1800
+18
🇺🇸 Lithuanians · United States
1750
+20
🇨🇦 Byzantines · Canada
1695
+22
🇨🇱 Cumans · Chile
1904
-21
🇨🇱 Celts · Chile
1896
-21
🇨🇱 Italians · Chile
1873
-21
🇨🇱 Poles · Chile
1727
-15
HR itu
6:24 Loom
8:39 Feudal Age
9:18 Double-Bit Axe
11:47 Horse Collar
18:02 Fletching
21:44 Wheelbarrow
29:16 Castle Age
30:41 Wheelbarrow
36:33 Bow Saw
36:43 Bodkin Arrow
38:07 Town Watch
42:33 Imperial Age
41:06 Hand Cart
42:40 Padded Archer Armor
43:32 Ballistics
43:36 Bracer
44:41 Chemistry
44:20 Gold Mining
45:22 Pirotechnia
45:41 Leather Archer Armor
45:16 Elite Skirmisher
46:53 Conscription
47:28 Ring Archer Armor
47:10 Thumb Ring
49:23 Masonry
48:54 Treadmill Crane
49:40 Silk Road
50:31 Forging
51:43 Caravan
54:49 Capped Ram
66:02 Hoardings
65:58 Architecture
HR nomadplayer
8:32 Feudal Age
11:17 Horse Collar
14:04 Double-Bit Axe
16:05 Loom
19:06 Castle Age
18:41 Wheelbarrow
18:21 Scale Barding Armor
18:49 Bloodlines
24:14 Chain Barding Armor
24:06 Forging
24:41 Gold Mining
27:11 Iron Casting
36:55 Hand Cart
36:26 Town Watch
36:52 Bow Saw
36:43 Heavy Plow
40:20 Imperial Age
40:27 Cavalier
41:42 Plate Barding Armor
42:27 Paladin
46:09 Blast Furnace
49:24 Caravan
50:46 Fletching
54:54 Pikeman
55:34 Squires
55:35 Scale Mail Armor
55:44 Halberdier
57:32 Chain Mail Armor
60:42 Plate Mail Armor
HR AboKeiTo
6:05 Loom
9:46 Feudal Age
10:28 Double-Bit Axe
10:43 Man-at-Arms
11:59 Horse Collar
13:52 Arson
14:15 Scale Mail Armor
17:24 Wheelbarrow
21:55 Castle Age
21:03 Forging
22:07 Long Swordsman
22:08 Pikeman
23:08 Chain Mail Armor
30:40 Bow Saw
32:34 Heavy Plow
34:27 Hand Cart
35:57 Town Watch
39:03 Imperial Age
36:27 Gold Mining
36:27 Stone Mining
38:56 Fletching
39:38 Ballistics
39:18 Onager
40:12 Furor Celtica
40:19 Stronghold
40:50 Conscription
40:26 Bodkin Arrow
41:33 Chemistry
40:44 Masonry
42:38 Siege Engineers
43:09 Guard Tower
44:09 Gold Shaft Mining
44:09 Stone Shaft Mining
43:22 Arrowslits
45:06 Keep
44:54 Siege Onager
45:57 Heavy Scorpion
47:14 Halberdier
49:13 Plate Mail Armor
50:13 Iron Casting
52:30 Caravan
58:52 Capped Ram
60:36 Blast Furnace
60:06 Siege Ram
63:21 Guilds
HR pikoLein
6:38 Loom
9:00 Feudal Age
10:13 Double-Bit Axe
10:54 Horse Collar
16:35 Forging
21:28 Castle Age
22:00 Fletching
23:25 Heavy Plow
31:54 Bow Saw
35:27 Wheelbarrow
36:08 Ballistics
36:44 Hand Cart
39:49 Imperial Age
37:46 Scale Mail Armor
39:16 Chain Mail Armor
40:07 Capped Ram
41:03 Bodkin Arrow
42:09 Chemistry
40:57 Crossbowman
41:57 Bracer
42:06 Arbalester
43:36 Thumb Ring
43:39 Elite Skirmisher
45:05 Padded Archer Armor
46:01 Leather Archer Armor
49:01 Conscription
49:39 Plate Mail Armor
49:15 Scale Barding Armor
48:37 Light Cavalry
49:18 Husbandry
49:32 Bloodlines
50:18 Caravan
50:12 Town Watch
50:03 Winged Hussar
51:04 Chain Barding Armor
51:59 Lechitic Legacy
52:41 Iron Casting
55:10 Blast Furnace
55:02 Crop Rotation
57:45 Coinage
Honeybadger
8:08 Loom
11:46 Feudal Age
15:50 Castle Age
15:57 Double-Bit Axe
15:57 Horse Collar
18:31 Scale Mail Armor
23:59 Forging
35:03 Chain Mail Armor
36:23 Iron Casting
37:12 Heavy Plow
38:39 Wheelbarrow
41:04 Gold Mining
43:12 Hand Cart
44:36 Caravan
50:46 Coinage
52:48 Imperial Age
52:51 Onager
53:55 Town Watch
54:20 Siege Onager
55:26 Siege Engineers
56:50 Elite Jaguar Warrior
58:28 Plate Mail Armor
58:56 Conscription
61:52 Blast Furnace
61:39 Banking
62:40 Ballistics
63:20 Chemistry
62:12 Fletching
63:10 Capped Ram
64:35 Siege Ram
68:31 Garland Wars
69:05 Bow Saw
69:26 Crop Rotation
Deaf Vader
0:27 Loom
9:30 Feudal Age
10:04 Double-Bit Axe
11:26 Fletching
17:26 Gold Mining
28:58 Castle Age
29:04 Crossbowman
29:40 Bodkin Arrow
34:53 Imperial Age
34:03 Ballistics
34:57 Arbalester
35:38 Bracer
36:53 Chemistry
36:16 Thumb Ring
41:44 Horse Collar
42:30 Bow Saw
43:47 Padded Archer Armor
46:38 Leather Archer Armor
48:17 Capped Ram
59:58 Ring Archer Armor
64:47 Wheelbarrow
63:57 Horse Collar
69:51 Two-Man Saw
wappla
9:22 Feudal Age
9:12 Loom
10:15 Double-Bit Axe
11:10 Horse Collar
19:40 Wheelbarrow
19:52 Horse Collar
21:07 Gold Mining
23:52 Bloodlines
24:57 Forging
24:52 Fletching
28:58 Castle Age
29:54 Bow Saw
30:02 Heavy Plow
33:18 Hand Cart
37:52 Stone Mining
41:20 Imperial Age
39:36 Scale Barding Armor
39:33 Husbandry
40:02 Forging
40:42 Coinage
41:00 Chain Barding Armor
42:06 Iron Casting
41:24 Elite Leitis
42:43 Plate Barding Armor
43:15 Iron Casting
43:20 Masonry
43:33 Conscription
44:50 Hoardings
44:27 Bodkin Arrow
44:54 Ballistics
44:45 Masonry
44:57 Treadmill Crane
46:19 Chemistry
45:21 Bracer
49:35 Light Cavalry
51:54 Winged Hussar
57:49 Masonry
58:26 Bombard Tower
59:42 Architecture
60:41 Town Watch
63:13 Heresy
66:12 Padded Archer Armor
NotDukito
6:28 Loom
9:36 Feudal Age
11:06 Double-Bit Axe
11:27 Horse Collar
16:00 Forging
23:11 Castle Age
21:41 Gold Mining
22:02 Scale Barding Armor
24:24 Bow Saw
27:37 Imperial Age
28:13 Wheelbarrow
29:51 Chemistry
30:28 Scale Mail Armor
30:12 Pikeman
30:52 Squires
32:18 Hand Cart
33:01 Halberdier
35:07 Heavy Plow
38:02 Two-Man Saw
37:58 Chain Mail Armor
41:30 Plate Mail Armor
42:03 Arson
42:53 Iron Casting
49:56 Caravan
50:23 Elite Varangian Guard
51:35 Logistica
53:57 Gambesons
55:56 Fletching
56:06 Padded Archer Armor
56:29 Ballistics
57:01 Bombard Tower
58:21 Elite Skirmisher
58:58 Bodkin Arrow
59:18 Leather Archer Armor
61:20 Stone Mining
62:09 Bracer
62:40 Ring Archer Armor
62:18 Thumb Ring
64:52 Greek Fire
66:43 Murder Holes
Connection lost

Rejoining the realm…

Still unreachable

The connection could not be restored.

Session expired

The server has moved on; the page needs a fresh start.